 Dungeon Crawl Stone Soup version 0.25.1-2-g60ff931df9 (webtiles) character file.

Game seed: 1260345974353865508

1236 Kuku the Grappler (level 8, -6/80 HPs)
             Began as a Troll Fighter on Nov 16, 2020.
             Was a Believer of Uskayaw.
             Blown up by a gnoll (13 damage)
             ... with a disintegration bolt
             ... on level 5 of the Dungeon.
             The game lasted 00:18:36 (3687 turns).

Kuku the Grappler (Troll Fighter)                   Turns: 3687, Time: 00:18:39

Health: -6/80      AC:  6    Str: 27    XL:     8   Next: 24%
Magic:  5/7        EV: 10    Int:  4    God:    Uskayaw [**....]
Gold:   248        SH:  0    Dex:  9    Spells: 7/7 levels left

rFire    . . .     SeeInvis .     - Unarmed
rCold    . . .     Gourm    +   (no shield)
rNeg     . . .     Faith    .   a - +0 robe
rPois    .         Spirit   .   (helmet restricted)
rElec    .         Reflect  .   (no cloak)
rCorr    .         Harm     .   (gloves unavailable)
MR       .....                  (boots unavailable)
Stlth    +.........             (no amulet)
HPRegen  0.63/turn              (no ring)
MPRegen  0.10/turn              (no ring)

@: mighty, lethally poisoned (-6 -> -15), stab
A: large, unfitting armour, claws 3, fast metabolism 3, gourmand, regeneration
1, shaggy fur 1, tough skin 3
a: Stomp, Line Pass, Renounce Religion


You were on level 5 of the Dungeon.
You worshipped Uskayaw.
Uskayaw was noncommittal.
You were completely stuffed.

You visited 1 branch of the dungeon, and saw 5 of its levels.

You collected 248 gold pieces.

Inventory:

Hand Weapons
 l - a +0 mace
 y - a +0 flail
Armour
 a - a +0 robe (worn)
 b - a +0 kite shield
 n - a +0 helmet
Jewellery
 x - an uncursed amulet of faith {unknown}
Wands
 o - a wand of polymorph (5)
 p - a wand of digging (5)
Scrolls
 g - 2 scrolls of identify {unknown}
 h - a scroll of immolation {unknown}
 j - a scroll of fog {unknown}
 k - 2 scrolls of amnesia {unknown}
 m - 2 scrolls of enchant armour {unknown}
 r - 2 scrolls of teleportation {unknown}
 t - a scroll of fear {unknown}
 u - 3 scrolls of remove curse {unknown}
 w - a scroll of blinking {unknown}
Potions
 c - a potion of might
 e - a potion of stabbing
 f - 2 potions of berserk rage {unknown}
 i - 2 potions of degeneration {unknown}
 q - a potion of curing {unknown}
 s - a potion of haste {unknown}
 v - a potion of cancellation {unknown}
 A - 2 potions of magic {unknown}
 B - a potion of flight {unknown}
Comestibles
 d - 8 rations
 z - 6 chunks of flesh


   Skills:
 + Level 5.3 Fighting
 - Level 2.4 Dodging
 - Level 2.4 Shields
 * Level 8.4 Unarmed Combat


You had 7 spell levels left.
You didn't know any spells.
Your spell library was empty.

Dungeon Overview and Level Annotations

Branches:
Dungeon (5/15)
 Temple: D:4-7

Altars:
Ashenzari
Uskayaw

Annotations:
D:5 1 transporter, Jaiteiro's ghost, novice CeHu


Innate Abilities, Weirdness & Mutations

You are too large for most types of armour.
You have claws for hands.
Your metabolism is lightning-fast.
You like to eat raw meat.
Your natural rate of healing is unusually fast.
You are covered in fur. (AC +1)
You have extremely tough skin. (AC +3)


Message History

a +1 spear of chaos; a gnoll corpse You barely miss the gnoll.
You feel sick.
The gnoll zaps a wand.
You are blasted!
The gnoll sergeant hits you from afar with a +2 spear of venom!
* * * LOW HITPOINT WARNING * * *
You are more poisoned.
You feel very mighty all of a sudden.
You feel sick. The gnoll hits you with a +0 halberd.
* * * LOW HITPOINT WARNING * * *
The gnoll hits the plant with a +0 club.
The gnoll sergeant hits you from afar with a +2 spear of venom!
* * * LOW HITPOINT WARNING * * *
You are lethally poisoned!
It was a potion of stabbing.
You feel ready to backstab.
* * * LOW HITPOINT WARNING * * *
You feel sick.
The gnoll hits the plant with a +0 club.
The gnoll zaps a wand.
You are blasted!
You die... #.. ### ..# .. #.# .. #.≈≈#... ... .. ≈ #.≈≈###.##'##. ##≈ #)≈≈.5# #PgP#

#. #.≈≈.##.#⌠g⌠#.##.≈
#.≈≈.#..#PgP#..#.≈
#.≈≈.##.##@## # ≈
#.....#.#P.P#.#..≈
#....©#gg.©.+.#©.≈
#.....#.#8⌠8#.#..≈
#.≈≈.##.#####.# ≈
#.≈≈.#©.#(:= .#.≈≈..#
#.≈≈.##.#$.. ##.≈≈..#
#.≈≈..#.#$$$ ..≈≈..##
##.≈≈###.##'##.###≈≈...


You could see 2 gnoll sergeants, 3 gnolls and a crimson imp.

Vanquished Creatures
  Prince Ribbit (D:5)
  An ice beast (D:3)
  A water moccasin (D:5)
  A sky beast (D:5)
  A scorpion (D:5)
  2 crimson imps (D:5)
  A centaur skeleton (D:5)
  A hound (D:4)
  A jelly (D:5)
  4 orc wizards
  Crazy Yiuf (D:2)
  5 orc priests
  2 worker ants (D:4)
  3 gnolls (D:5)
  A howler monkey skeleton (D:5)
  5 adders
  2 oozes
  A worm (D:3)
  4 dart slugs
  3 leopard geckos (D:2)
  22 orcs
  3 ball pythons
  2 giant cockroaches
  6 goblins
  7 hobgoblins
  8 jackals
  3 kobolds
  7 bats
  7 frilled lizards
  9 rats
115 creatures vanquished.

Notes
Turn   | Place    | Note
-------+----------+-------------------------------------------
     0 | D:1      | Kuku the Troll Fighter began the quest for the Orb.
     0 | D:1      | Reached XP level 1. HP: 22/22 MP: 0/0
    86 | D:1      | Found a shattered altar of Ashenzari.
   139 | D:1      | Reached XP level 2. HP: 29/29 MP: 1/1
   464 | D:1      | Reached skill level 3 in Unarmed Combat
   783 | D:2      | Reached XP level 3. HP: 36/36 MP: 2/2
  1095 | D:2      | Reached XP level 4. HP: 43/45 MP: 3/3
  1123 | D:2      | Found a runed translucent door.
  1124 | D:2      | Noticed Crazy Yiuf
  1133 | D:2      | Killed Crazy Yiuf
  1133 | D:2      | Reached skill level 4 in Unarmed Combat
  2361 | D:3      | Found a hide-covered altar of Uskayaw.
  2367 | D:3      | Became a worshipper of Uskayaw the Reveler
  2471 | D:3      | Reached XP level 5. HP: 49/53 MP: 4/4
  2564 | D:4      | Reached * piety under Uskayaw
  2592 | D:4      | Reached ** piety under Uskayaw
  2597 | D:4      | Reached *** piety under Uskayaw
  2717 | D:4      | Noticed an ice beast
  2727 | D:4      | Reached skill level 5 in Unarmed Combat
  2734 | D:4      | Reached **** piety under Uskayaw
  2748 | D:3      | Killed an ice beast
  2748 | D:3      | Reached XP level 6. HP: 6/62 MP: 5/5
  2994 | D:4      | Reached skill level 6 in Unarmed Combat
  3001 | D:4      | Reached ***** piety under Uskayaw
  3089 | D:4      | Reached XP level 7. HP: 70/70 MP: 6/6
  3312 | D:5      | Entered Level 5 of the Dungeon
  3341 | D:5      | Reached skill level 7 in Unarmed Combat
  3464 | D:5      | Noticed Prince Ribbit
  3476 | D:5      | Killed Prince Ribbit
  3476 | D:5      | Reached skill level 5 in Fighting
  3476 | D:5      | Reached skill level 8 in Unarmed Combat
  3476 | D:5      | Reached XP level 8. HP: 79/80 MP: 7/7
  3632 | D:5      | Identified the +5 buckler "Nazu" {*Slow rF- MR+++}
  3637 | D:5      | Noticed Jaiteiro's ghost (novice CeHu)
  3658 | D:5      | Found a transporter.
  3658 | D:5      | Found a transporter.
  3687 | D:5      | Blown up by a gnoll

Illustrated notes

Levels and vault maps discovered:
D:1:      minmay_arrival_semitransparent, layout_basic,
          hangedman_feature_mirror, serial_bayou_pond_d, evilmike_ruin_ashenzari
D:2:      layout_loops_ring, uniq_crazy_yiuf_cottage
D:3:      layout_basic, marbit_many_paths, first_ration,
          ebering_dispersal_statue_hall
D:4:      layout_rooms, corexii_corridor_pit
D:5:      layout_rooms, gammafunk_ghost_gnarly_gnolls, st_stairs_13,
          uniq_prince_ribbit1

Skill      XL: |  1  2  3  4  5  6  7 |
---------------+----------------------+-----
Unarmed Combat | 3 4 5 6 8 |  8.4
Fighting       | 3 4 5 |  5.3
Dodging        | |  2.4
Shields        | |  2.4

Action                   |  1- 3 |  4- 6 |  7- 9 || total
-------------------------+-------+-------+-------++-------
Melee: Unarmed           |    93 |   150 |    95 ||   338
       Punch             |       |       |     2 ||     2
  Use: Potion            |       |       |     2 ||     2
 Stab: Paralysed         |       |     4 |     5 ||     9
  Eat: Chunk             |    15 |    19 |     5 ||    39
Armor: Robe              |    31 |    41 |    29 ||   101
Dodge: Dodged            |    60 |    74 |    54 ||   188
